AAA
JUAREZ GUERREROS @ FLUSHING CHIEFS
04/21/2060
 
TOP OF THE 1ST
Juarez Guerreros batting - Pitching for Flushing Chiefs : RHP Derian Romary
Pitching: RHP Derian Romary
Batting: RHB Wilson McFarland 0-0: Ball
1-0: Called Strike
1-1: Ball
2-1: Ball
3-1: Foul Ball, location: 2F
3-2: Ground out U3 (Groundball, 3, EV 86.9 MPH)
Batting: LHB Bubba Cain 0-0: SINGLE (Line Drive, 34D, EV 103.1 MPH)
Batting: RHB Owen Grossman 0-0: Fly out, F9 (Flyball, 89S, EV 94.4 MPH)
Batting: LHB Evan Reney 0-0: Ball
1-0: Swinging Strike
1-1: Fielders Choice at 2nd, 6-4 (Groundball, 6, EV 110.0 MPH)
Top of the 1st over - 0 runs, 1 hit, 0 errors, 1 left on base; Juarez 0 - Flushing 0
BOTTOM OF THE 1ST
Flushing Chiefs batting - Pitching for Juarez Guerreros : RHP Giovanni Ivers
Pitching: RHP Giovanni Ivers
Batting: RHB Cody Turner 0-0: Called Strike
0-1: Foul Ball, location: 2F
0-2: Foul Ball, location: 2F
0-2: SINGLE (Groundball, 6M, EV 77.5 MPH) (infield hit)
Batting: RHB Dalton Kraut 0-0: Called Strike
0-1: Grounds into double play, 6-4-3 (Groundball, 6D, EV 105.0 MPH)
Batting: RHB Adrien Mondragon 0-0: Called Strike
0-1: Fly out, F6 (Popup, 6, EV 61.9 MPH)
Bottom of the 1st over - 0 runs, 1 hit, 0 errors, 0 left on base; Juarez 0 - Flushing 0
TOP OF THE 2ND
Juarez Guerreros batting - Pitching for Flushing Chiefs : RHP Derian Romary
Batting: LHB Carl Brinkley 0-0: Ball
1-0: Ball
2-0: Called Strike
2-1: SINGLE (Line Drive, 6M, EV 107.5 MPH)
Batting: RHB Gerrod Vicuna 0-0: Ball
Carl Brinkley steals 2nd base
1-0: Foul Ball, location: 2F
1-1: Ball
2-1: Fly out, F9 (Flyball, 9D, EV 91.2 MPH)
Batting: LHB Archibald Vasquez 0-0: Foul Ball, location: 2F
0-1: Swinging Strike
0-2: Strikes out swinging
Batting: SHB Damian Skinner 0-0: Swinging Strike
0-1: Ball
1-1: Ball
2-1: Fly out, F8 (Flyball, 8RD, EV 91.9 MPH)
Top of the 2nd over - 0 runs, 1 hit, 0 errors, 1 left on base; Juarez 0 - Flushing 0
BOTTOM OF THE 2ND
Flushing Chiefs batting - Pitching for Juarez Guerreros : RHP Giovanni Ivers
Batting: RHB J.R. Ketterman 0-0: Ground out 5-3 (Groundball, 56S, EV 68.8 MPH)
Batting: RHB Shawn Clark 0-0: Ground out 6-3 (Groundball, 6M, EV 77.5 MPH)
Batting: RHB Marshall Wright 0-0: Foul Ball, location: 2F
0-1: Foul Ball, location: 2F
0-2: Strikes out swinging
Bottom of the 2nd over - 0 runs, 0 hits, 0 errors, 0 left on base; Juarez 0 - Flushing 0
TOP OF THE 3RD
Juarez Guerreros batting - Pitching for Flushing Chiefs : RHP Derian Romary
Batting: RHB J.T. Villagran 0-0: Ball
1-0: Ball
2-0: SINGLE (Groundball, 6MD, EV 106.2 MPH)
Batting: RHB Wilson McFarland 0-0: Swinging Strike
0-1: Grounds into double play, 6-4-3 (Groundball, 6, EV 103.1 MPH)
Batting: LHB Bubba Cain 0-0: Ball
1-0: Ball
2-0: Called Strike
2-1: Called Strike
2-2: Ball
3-2: SINGLE (Line Drive, 7LS, EV 95.0 MPH)
Batting: RHB Owen Grossman 0-0: Swinging Strike
0-1: Called Strike
0-2: Ball
1-2: Ball
Bubba Cain is caught stealing 2nd base 2-4
Top of the 3rd over - 0 runs, 2 hits, 0 errors, 0 left on base; Juarez 0 - Flushing 0
BOTTOM OF THE 3RD
Flushing Chiefs batting - Pitching for Juarez Guerreros : RHP Giovanni Ivers
Batting: LHB Gage Berube 0-0: Foul Ball, location: 2F
0-1: Swinging Strike
0-2: Strikes out swinging
Batting: SHB Bradley Cone 0-0: Swinging Strike
0-1: Ball
1-1: Ground out 4-3 (Groundball, 4, EV 103.1 MPH)
Batting: RHB Vance Thompson 0-0: Ball
1-0: Swinging Strike
1-1: Fly out, F8 (Flyball, 78M, EV 90.6 MPH)
Bottom of the 3rd over - 0 runs, 0 hits, 0 errors, 0 left on base; Juarez 0 - Flushing 0
TOP OF THE 4TH
Juarez Guerreros batting - Pitching for Flushing Chiefs : RHP Derian Romary
Batting: RHB Owen Grossman 0-0: Called Strike
0-1: Called Strike
0-2: Ball
1-2: DOUBLE (Line Drive, 7LM, EV 109.4 MPH)
Batting: LHB Evan Reney 0-0: Called Strike
0-1: Ball
1-1: Swinging Strike
1-2: Ball
2-2: Strikes out swinging
Batting: LHB Carl Brinkley 0-0: Ball
Owen Grossman steals 3rd base
1-0: Called Strike
1-1: Ball
2-1: Swinging Strike
2-2: DOUBLE (Line Drive, 89M, EV 107.5 MPH)
Owen Grossman scores
Batting: RHB Gerrod Vicuna 0-0: Called Strike
0-1: Called Strike
0-2: Ball
1-2: Hit by Pitch
Batting: LHB Archibald Vasquez 0-0: Ball
Wild Pitch!
Carl Brinkley to third
Gerrod Vicuna to second
1-0: Called Strike
1-1: Ball
2-1: Foul Ball, location: 2F
2-2: Strikes out looking
Batting: SHB Damian Skinner 0-0: Foul Ball, location: 2F
0-1: Ball
1-1: Foul Ball, location: 2F
1-2: Ball
2-2: Foul Ball, location: 2F
2-2: Ball
3-2: Strikes out looking
Top of the 4th over - 1 run, 2 hits, 0 errors, 2 left on base; Juarez 1 - Flushing 0
BOTTOM OF THE 4TH
Flushing Chiefs batting - Pitching for Juarez Guerreros : RHP Giovanni Ivers
Batting: RHB Cody Turner 0-0: Ground out 3-1 (Groundball, 13, EV 80.0 MPH)
Batting: RHB Dalton Kraut 0-0: Called Strike
0-1: Ball
1-1: Called Strike
1-2: Foul Ball, location: 2F
1-2: SINGLE (Line Drive, 9S, EV 100.6 MPH)
Batting: RHB Adrien Mondragon 0-0: Foul Ball, location: 2F
0-1: Ball
1-1: Ball
2-1: Called Strike
2-2: Ball
3-2: Fielders Choice at 2nd, 4-6 (Groundball, 4, EV 89.4 MPH)
Batting: RHB J.R. Ketterman 0-0: Called Strike
0-1: Swinging Strike
0-2: Strikes out swinging
Bottom of the 4th over - 0 runs, 1 hit, 0 errors, 1 left on base; Juarez 1 - Flushing 0
TOP OF THE 5TH
Juarez Guerreros batting - Pitching for Flushing Chiefs : RHP Derian Romary
Batting: RHB J.T. Villagran 0-0: Foul Ball, location: 2F
0-1: Foul Ball, location: 2F
0-2: Strikes out swinging
Batting: RHB Wilson McFarland 0-0: Foul Ball, location: 2F
0-1: Ball
1-1: Swinging Strike
1-2: Ball
2-2: Fly out, F4 (Flyball, 34D, EV 87.5 MPH)
Batting: LHB Bubba Cain 0-0: Ball
1-0: Foul Ball, location: 2F
1-1: Ball
2-1: Ground out 5-3 (Groundball, 56S, EV 73.1 MPH)
Top of the 5th over - 0 runs, 0 hits, 0 errors, 0 left on base; Juarez 1 - Flushing 0
BOTTOM OF THE 5TH
Flushing Chiefs batting - Pitching for Juarez Guerreros : RHP Giovanni Ivers
Batting: RHB Shawn Clark 0-0: Ball
1-0: Called Strike
1-1: Ball
2-1: SINGLE (Line Drive, 8LS, EV 107.5 MPH)
Batting: RHB Marshall Wright 0-0: Called Strike
0-1: Called Strike
0-2: DOUBLE (Line Drive, 7LM, EV 107.5 MPH)
Shawn Clark to third
Runner from 3rd tries for Home, SAFE, no throw by LF
Batting: LHB Gage Berube 0-0: SINGLE (Groundball, 34S, EV 65.0 MPH) (infield hit)
Marshall Wright to third
Batting: SHB Bradley Cone 0-0: Ball
1-0: Ball
2-0: Called Strike
2-1: Ground out U3 (Groundball, 34S, EV 86.9 MPH)
Marshall Wright scores
Gage Berube to second
Batting: RHB Vance Thompson 0-0: Ball
1-0: Ball
2-0: Swinging Strike
2-1: Swinging Strike
2-2: Fly out, F7 (Flyball, 78S, EV 76.9 MPH)
Batting: RHB Cody Turner 0-0: Called Strike
0-1: Swinging Strike
0-2: Ball
1-2: SINGLE (Line Drive, 6MD, EV 100.0 MPH)
Gage Berube to third
Runner from 3rd tries for Home, SAFE, throw by CF to home
Batting: RHB Dalton Kraut 0-0: SINGLE (Groundball, 6MS, EV 63.8 MPH) (infield hit)
Cody Turner to second
Batting: RHB Adrien Mondragon 0-0: Ball
1-0: Ball
2-0: Called Strike
2-1: SINGLE (Groundball, 6S, EV 73.8 MPH) (infield hit)
Cody Turner to third
Dalton Kraut to second
Batting: RHB J.R. Ketterman 0-0: Foul Ball, location: 2F
0-1: Foul Ball, location: 2F
0-2: Strikes out looking
Bottom of the 5th over - 3 runs, 6 hits, 0 errors, 3 left on base; Juarez 1 - Flushing 3
TOP OF THE 6TH
Juarez Guerreros batting - Pitching for Flushing Chiefs : RHP Derian Romary
Batting: RHB Owen Grossman 0-0: Swinging Strike
0-1: Swinging Strike
0-2: Ball
1-2: Ball
2-2: SOLO HOME RUN (Flyball, 78XD, EV 104.4 MPH), Distance : 407 ft
Batting: LHB Evan Reney 0-0: Ball
1-0: Foul Ball, location: 2F
1-1: Ground out U3 (Groundball, 34S, EV 81.9 MPH)
Batting: LHB Carl Brinkley 0-0: Ball
1-0: Ball
2-0: Foul Ball, location: 2F
2-1: Called Strike
2-2: Strikes out swinging
Batting: RHB Gerrod Vicuna 0-0: Ball
1-0: Ball
2-0: Swinging Strike
2-1: Swinging Strike
2-2: Ball
3-2: Foul Ball, location: 2F
3-2: Strikes out swinging
Top of the 6th over - 1 run, 1 hit, 0 errors, 0 left on base; Juarez 2 - Flushing 3
BOTTOM OF THE 6TH
Flushing Chiefs batting - Pitching for Juarez Guerreros : RHP Giovanni Ivers
Batting: RHB Shawn Clark 0-0: Called Strike
0-1: Fly out, F8 (Flyball, 8LXD, EV 103.1 MPH)
Batting: RHB Marshall Wright 0-0: Ball
1-0: Called Strike
1-1: Ball
2-1: Foul Ball, location: 2F
2-2: Reached on error, E2 (Groundball, 2L, EV 67.5 MPH)
Batting: LHB Gage Berube 0-0: Reached via error on a dropped throw from 2B, E3 (Groundball, 4, EV 90.0 MPH)
Marshall Wright to third
Batting: SHB Bradley Cone 0-0: Grounds into double play, 1-6-3 (Groundball, 34S, EV 66.2 MPH)
Bottom of the 6th over - 0 runs, 0 hits, 2 errors, 1 left on base; Juarez 2 - Flushing 3
TOP OF THE 7TH
Juarez Guerreros batting - Pitching for Flushing Chiefs : RHP Derian Romary
Batting: LHB Archibald Vasquez 0-0: Ball
1-0: Called Strike
1-1: Ball
2-1: Fly out, F6 (Popup, P, EV 71.9 MPH)
Batting: SHB Damian Skinner 0-0: Foul Ball, location: 2F
0-1: SINGLE (Groundball, 23, EV 72.5 MPH) (infield hit)
Pitching: RHP Javon Juan
Batting: RHB J.T. Villagran 0-0: DOUBLE (Flyball, 89D, EV 101.2 MPH)
Damian Skinner to third
Pinch Hitting: LHB Reed Horton 0-0: Called Strike
0-1: Ball
1-1: SINGLE (Flyball, 78S, EV 90.0 MPH)
Damian Skinner scores
J.T. Villagran to third
Runner from 3rd tries for Home, SAFE, throw by LF to home
Batting: LHB Bubba Cain 0-0: Ball
1-0: DOUBLE (Line Drive, 78D, EV 108.8 MPH)
Reed Horton to third
Batting: RHB Owen Grossman 0-0: SINGLE (Groundball, 56, EV 94.4 MPH)
Reed Horton scores
Bubba Cain to third
Runner from 3rd tries for Home, SAFE, throw by LF to home
Pitching: RHP Chandler Rowland
Batting: LHB Evan Reney 0-0: Ball
1-0: Called Strike
1-1: Swinging Strike
1-2: Foul Ball, location: 2F
1-2: Strikes out swinging
Batting: LHB Carl Brinkley 0-0: Called Strike
0-1: Called Strike
0-2: Foul Ball, location: 2F
0-2: Ball
1-2: Foul Ball, location: 2F
1-2: Strikes out swinging
Top of the 7th over - 4 runs, 5 hits, 0 errors, 1 left on base; Juarez 6 - Flushing 3
BOTTOM OF THE 7TH
Flushing Chiefs batting - Pitching for Juarez Guerreros : RHP Giovanni Ivers
Now at 2B: Tommy Tyrrell
Batting: RHB Vance Thompson 0-0: Ball
1-0: Ball
2-0: Called Strike
2-1: Foul Ball, location: 2F
2-2: Foul Ball, location: 2F
2-2: Foul Ball, location: 2F
2-2: SINGLE (Line Drive, 6D, EV 103.1 MPH)
Batting: RHB Cody Turner 0-0: Ball
1-0: Called Strike
1-1: Fly out, F9 (Flyball, 89M, EV 94.4 MPH)
Batting: RHB Dalton Kraut 0-0: Ball
1-0: SINGLE (Groundball, 34D, EV 101.9 MPH)
Vance Thompson to second
Runner from 2nd tries for 3rd, OUT! 9-5
Batting: RHB Adrien Mondragon 0-0: Called Strike
0-1: Foul Ball, location: 2F
0-2: Strikes out swinging
Bottom of the 7th over - 0 runs, 2 hits, 0 errors, 1 left on base; Juarez 6 - Flushing 3
TOP OF THE 8TH
Juarez Guerreros batting - Pitching for Flushing Chiefs : RHP Chandler Rowland
Batting: RHB Gerrod Vicuna 0-0: Ball
1-0: Called Strike
1-1: Called Strike
1-2: Strikes out looking
Batting: LHB Archibald Vasquez 0-0: Fly out, F7 (Line Drive, 78M, EV 88.1 MPH)
Batting: SHB Damian Skinner 0-0: Swinging Strike
0-1: Swinging Strike
0-2: SINGLE (Line Drive, 78S, EV 102.5 MPH)
Batting: RHB J.T. Villagran 0-0: Ball
1-0: Foul Ball, location: 2F
1-1: Ball
2-1: Ball
3-1: Fielders Choice at 2nd, U6 (Groundball, 6M, EV 81.2 MPH)
Top of the 8th over - 0 runs, 1 hit, 0 errors, 1 left on base; Juarez 6 - Flushing 3
BOTTOM OF THE 8TH
Flushing Chiefs batting - Pitching for Juarez Guerreros : RHP Giovanni Ivers
Batting: RHB J.R. Ketterman 0-0: Ball
1-0: Called Strike
1-1: Called Strike
1-2: Strikes out swinging
Batting: RHB Shawn Clark 0-0: Called Strike
0-1: Swinging Strike
0-2: Ground out U3 (Groundball, 34, EV 98.1 MPH)
Batting: RHB Marshall Wright 0-0: Called Strike
0-1: DOUBLE (Line Drive, 7LD, EV 107.5 MPH)
Pitching: RHP Brendan Fruth
Batting: LHB Gage Berube 0-0: Called Strike
0-1: Fly out, F3 (Popup, 3F, EV 81.9 MPH)
Bottom of the 8th over - 0 runs, 1 hit, 0 errors, 1 left on base; Juarez 6 - Flushing 3
TOP OF THE 9TH
Juarez Guerreros batting - Pitching for Flushing Chiefs : RHP Chandler Rowland
Batting: RHB Tommy Tyrrell 0-0: Swinging Strike
0-1: Ball
1-1: Called Strike
1-2: Ball
2-2: Ball
3-2: Foul Ball, location: 2F
3-2: Base on Balls
Batting: LHB Bubba Cain 0-0: Ball
1-0: Ball
2-0: Ball
3-0: Base on Balls
Tommy Tyrrell to second
Batting: RHB Owen Grossman 0-0: Foul Ball, location: 2F
0-1: Fly out, F8 (Flyball, 8RM, EV 81.9 MPH)
Batting: LHB Evan Reney 0-0: Foul Ball, location: 2F
0-1: Grounds into double play, 6-4-3 (Groundball, 6D, EV 108.8 MPH)
Top of the 9th over - 0 runs, 0 hits, 0 errors, 1 left on base; Juarez 6 - Flushing 3
BOTTOM OF THE 9TH
Flushing Chiefs batting - Pitching for Juarez Guerreros : RHP Brendan Fruth
Batting: SHB Bradley Cone 0-0: Ball
1-0: Foul Ball, location: 2F
1-1: Ball
2-1: Foul Ball, location: 2F
2-2: Ground out U3 (Groundball, 34S, EV 91.2 MPH)
Batting: RHB Vance Thompson 0-0: Swinging Strike
0-1: Ball
1-1: Foul Ball, location: 2F
1-2: Strikes out swinging
Batting: RHB Cody Turner 0-0: Swinging Strike
0-1: Ball
1-1: Ball
2-1: Foul Ball, location: 2F
2-2: Ball
3-2: Strikes out looking
Bottom of the 9th over - 0 runs, 0 hits, 0 errors, 0 left on base; Juarez 6 - Flushing 3
Monday, April 29th , 2024 - OOTP Baseball 23.10 Build 110